 Dungeon Crawl Stone Soup version 0.25.1-2-g60ff931df9 (webtiles) character file.

Game seed: 15464998573483996314

316 gruber the Chiller (level 6, 0/44 HPs)
             Began as a Gnoll Ice Elementalist on Dec 6, 2020.
             Engulfed by Ijyb's freezing vapour (28 damage)
             ... on level 3 of the Dungeon.
             The game lasted 00:03:27 (3137 turns).

gruber the Chiller (Gnoll Ice Elementalist)         Turns: 3137, Time: 00:03:27

Health: 0/44       AC:  2    Str: 11    XL:     6   Next: 44%
Magic:  10/14      EV: 15    Int: 19    God:
Gold:   126        SH:  0    Dex: 15    Spells: 11/15 levels left

rFire    . . .     SeeInvis .   u - +2 hand axe (venom)
rCold    . . .     Gourm    .   (no shield)
rNeg     . . .     Faith    .   a - +0 robe
rPois    +         Spirit   .   (no helmet)
rElec    .         Reflect  .   (no cloak)
rCorr    .         Harm     .   (no gloves)
MR       .....                  (no boots)
Stlth    +++.......             (no amulet)
HPRegen  0.14/turn              q - ring of poison resistance
MPRegen  0.14/turn              (no ring)

@: frozen ramparts
A: distributed training, fangs 1, strong nose
a: no special abilities


You were on level 3 of the Dungeon.
You were not hungry.

You visited 1 branch of the dungeon, and saw 3 of its levels.

You collected 126 gold pieces.

Inventory:

Hand Weapons
 d - a +0 spear
 r - a +0 dagger of venom
 u - a +2 hand axe of venom (weapon)
Missiles
 b - 24 poisoned darts (quivered)
Armour
 a - a +0 robe (worn)
Jewellery
 q - a ring of poison resistance (left hand)
Scrolls
 f - 3 scrolls of identify {unknown}
 g - 2 scrolls of remove curse {unknown}
 j - a scroll of amnesia {unknown}
 k - 2 scrolls of magic mapping {unknown}
 l - a scroll of random uselessness {unknown}
 n - a scroll of teleportation {unknown}
 o - a scroll of immolation {unknown}
 s - a scroll of fear {unknown}
Potions
 e - a potion of stabbing {unknown}
 h - a potion of curing {unknown}
 i - a potion of degeneration {unknown}
 m - 2 potions of heal wounds {unknown}
 p - a potion of cancellation {unknown}
Comestibles
 c - 4 rations
 t - 3 chunks of flesh


   Skills:
 + Level 1.9 Fighting
 + Level 1.9 Short Blades
 + Level 1.9 Long Blades
 + Level 1.9 Axes
 + Level 1.9 Maces & Flails
 + Level 1.9 Polearms
 + Level 1.9 Staves
 + Level 1.9 Slings
 + Level 1.9 Bows
 + Level 1.9 Crossbows
 + Level 1.9 Throwing
 + Level 1.9 Armour
 + Level 5.0 Dodging
 + Level 4.6 Stealth
 + Level 1.9 Shields
 + Level 1.9 Unarmed Combat
 + Level 5.3 Spellcasting
 + Level 1.5 Conjurations
 + Level 1.5 Hexes
 + Level 1.5 Charms
 + Level 1.5 Summonings
 + Level 1.5 Necromancy
 + Level 1.5 Translocations
 + Level 1.5 Transmutations
 + Level 1.5 Fire Magic
 + Level 7.3 Ice Magic
 + Level 1.5 Air Magic
 + Level 1.5 Earth Magic
 + Level 1.5 Poison Magic
 + Level 2.1 Invocations
 + Level 1.9 Evocations


You had 11 spell levels left.
You knew the following spells:

 Your Spells              Type           Power        Failure   Level  Hunger
a - Freeze                Ice            ####         1%          1    None
b - Frozen Ramparts       Ice            ####..       1%          3    ##.....

Your spell library contained the following spells:

 Spells                   Type           Power        Failure   Level  Hunger
 Magic Dart               Conj           ##..         6%          1    None
 Ozocubu's Armour         Chrm/Ice       ###.....     6%          3    ##.....
 Blink                    Tloc           N/A          10%         2    None
 Call Imp                 Summ           ##......     10%         2    None
 Slow                     Hex            ##......     10%         2    None
 Conjure Flame            Conj/Fire      ##......     19%         3    ##.....
 Mephitic Cloud           Conj/Pois/Air  ##......     19%         3    ##.....
 Hailstorm                Conj/Ice       ###.....     19%         4    ####...
 Summon Ice Beast         Ice/Summ       ###.....     19%         4    ####...


Dungeon Overview and Level Annotations

Branches:
Dungeon (3/15)

Altars:
Gozag
Qazlal
Ru

Annotations:
D:3 Ijyb


Innate Abilities, Weirdness & Mutations

Your experience applies equally to all skills.
You have very sharp teeth.
Your uncanny sense of smell can sniff out nearby items.


Message History

Unknown command.
Unknown command.
Casting: Frozen Ramparts (safe; 1% risk of failure)
Confirm with . or Enter, or press ? or * to list all spells.
The walls around you are covered in ice.
Ijyb shouts!
The wall freezes Ijyb.
Ijyb hits you but does no damage.
Unknown command.
Unknown command.
You hit Ijyb.
Ijyb is poisoned.
Ijyb is moderately wounded.
The wall freezes Ijyb!
Ijyb zaps a wand.
Ijyb creates a blast of freezing vapour!
Unknown command.
Unknown command.
You hit Ijyb but do no damage.
Ijyb is severely wounded.
You are engulfed in freezing vapours.
Ouch! That really hurt!
You die...

#..#.# ####
#..#.# ## ....
###..#÷# ..
..... #....#.#.#
.....##.#..#...#
.............##
<.#.....##..#
#..§g#...##
.....#§@#....#
##..§§###....#
#..§. #.....
##.. .#.@..# #..
#...# #. ... #.


You could see Ijyb (very poisoned).

Vanquished Creatures
  A howler monkey (D:3)
  A hound (D:2)
  Jessica (D:3)
  An orc wizard (D:2)
  Terence (D:3)
  8 adders
  2 worms (D:2)
  3 dart slugs (D:1)
  A leopard gecko (D:2)
  7 orcs (D:3)
  A ball python (D:2)
  2 giant cockroaches
  9 goblins
  4 hobgoblins
  12 jackals
  8 kobolds
  A quokka (D:2)
  7 bats
  6 frilled lizards
  9 rats
85 creatures vanquished.

Notes
Turn   | Place    | Note
-------+----------+-------------------------------------------
     0 | D:1      | gruber the Gnoll Ice Elementalist began the quest for the
                  | Orb.
     0 | D:1      | Reached XP level 1. HP: 13/13 MP: 6/6
   234 | D:1      | Reached XP level 2. HP: 19/19 MP: 4/7
   563 | D:1      | Reached XP level 3. HP: 14/25 MP: 2/9
   732 | D:1      | Reached skill level 5 in Spellcasting
  1301 | D:2      | Found a faded altar of an unknown god.
  1321 | D:2      | Reached skill level 1 in Invocations
  1328 | D:2      | Learned a level 3 spell: Frozen Ramparts
  1363 | D:2      | Reached skill level 1 in Fighting
  1363 | D:2      | Reached skill level 1 in Short Blades
  1363 | D:2      | Reached skill level 1 in Long Blades
  1363 | D:2      | Reached skill level 1 in Axes
  1363 | D:2      | Reached skill level 1 in Maces & Flails
  1363 | D:2      | Reached skill level 1 in Polearms
  1363 | D:2      | Reached skill level 1 in Staves
  1363 | D:2      | Reached skill level 1 in Slings
  1363 | D:2      | Reached skill level 1 in Bows
  1363 | D:2      | Reached skill level 1 in Crossbows
  1363 | D:2      | Reached skill level 1 in Throwing
  1363 | D:2      | Reached skill level 1 in Armour
  1363 | D:2      | Reached skill level 1 in Shields
  1363 | D:2      | Reached skill level 1 in Unarmed Combat
  1363 | D:2      | Reached skill level 1 in Evocations
  1363 | D:2      | Reached XP level 4. HP: 25/32 MP: 7/11
  1553 | D:2      | Found a sacrificial altar of Ru.
  1562 | D:2      | Reached skill level 1 in Conjurations
  1562 | D:2      | Reached skill level 1 in Hexes
  1562 | D:2      | Reached skill level 1 in Charms
  1562 | D:2      | Reached skill level 1 in Summonings
  1562 | D:2      | Reached skill level 1 in Necromancy
  1562 | D:2      | Reached skill level 1 in Translocations
  1562 | D:2      | Reached skill level 1 in Transmutations
  1562 | D:2      | Reached skill level 1 in Fire Magic
  1562 | D:2      | Reached skill level 1 in Air Magic
  1562 | D:2      | Reached skill level 1 in Earth Magic
  1562 | D:2      | Reached skill level 1 in Poison Magic
  1569 | D:2      | Reached XP level 5. HP: 32/37 MP: 6/12
  2868 | D:3      | Found an opulent altar of Gozag.
  2972 | D:3      | Found a stormy altar of Qazlal.
  3062 | D:3      | Reached XP level 6. HP: 44/44 MP: 9/13
  3065 | D:3      | Noticed Terence
  3071 | D:3      | Noticed Jessica
  3072 | D:3      | Killed Terence
  3081 | D:3      | Killed Jessica
  3088 | D:3      | Reached skill level 5 in Dodging
  3134 | D:3      | Noticed Ijyb
  3137 | D:3      | Engulfed by Ijyb's freezing vapour

Illustrated notes

Levels and vault maps discovered:
D:1:      minmay_arrival_five_plusses, layout_basic
D:2:      layout_basic, nicolae_ru_great_annihilating_truth,
          chequers_ecumenical_altar_simple, first_ration, minmay_tetromino_s4
D:3:      wander_river, layout_basic, grunt_qazlal_clouds,
          nicolae_gozag_cash_rules_everything_around_me, minmay_misc_feat_chi,
          uniq_jessica, uniq_terence, uniq_ijyb

Skill      XL: |  1  2  3  4  5  6 |
---------------+-------------------+-----
Spellcasting   | 5 |  5.3
Invocations    | 1 2 |  2.1
Fighting       | 1 |  1.9
Short Blades   | 1 |  1.9
Long Blades    | 1 |  1.9
Axes           | 1 |  1.9
Maces & Flails | 1 |  1.9
Polearms       | 1 |  1.9
Staves         | 1 |  1.9
Slings         | 1 |  1.9
Bows           | 1 |  1.9
Crossbows      | 1 |  1.9
Throwing       | 1 |  1.9
Armour         | 1 |  1.9
Shields        | 1 |  1.9
Unarmed Combat | 1 |  1.9
Evocations     | 1 |  1.9
Conjurations   | 1 |  1.5
Hexes          | 1 |  1.5
Charms         | 1 |  1.5
Summonings     | 1 |  1.5
Necromancy     | 1 |  1.5
Translocations | 1 |  1.5
Transmutations | 1 |  1.5
Fire Magic     | 1 |  1.5
Air Magic      | 1 |  1.5
Earth Magic    | 1 |  1.5
Poison Magic   | 1 |  1.5
Dodging        | 5 |  5.0
Stealth        | |  4.6
Ice Magic      | |  7.3

Action                   |  1- 3 |  4- 6 || total
-------------------------+-------+-------++-------
Melee: Spear             |    61 |    43 ||   104
       Bite              |     3 |     8 ||    11
       Dagger            |       |    48 ||    48
       Hand axe          |       |    19 ||    19
 Cast: Freeze            |    21 |     1 ||    22
       Frozen Ramparts   |       |    16 ||    16
 Stab: Sleeping          |     4 |     5 ||     9
       Paralysed         |       |     1 ||     1
  Eat: Chunk             |       |     8 ||     8
Armor: Robe              |    11 |    10 ||    21
Dodge: Dodged            |    68 |    50 ||   118
